AoeStats
← Old Took

Runestones

507652161Analyzed
1v1 RM · 14d ago on Sep 19, 2026· 27m 7s· 2 players
Game mode
Random Map
Map size
Tiny (2 player)
Population
200
Speed
Normal
Resources
Standard
Victory
Conquest
Starting age
Dark Age
Ending age
Imperial Age
RankedLock teamsTeams togetherTeam positionsShared explorationLock speedFull tech treeHidden civsTurbo modeCheats
Victory
Defeat
🇨🇭 Lithuanians · Switzerland
1668
+16
🇺🇸 Malians · United States
1658
-16
Old Took
7:21 Loom
9:55 Feudal Age
10:34 Man-at-Arms
12:09 Double-Bit Axe
13:33 Scale Mail Armor
18:04 Padded Archer Armor
23:11 Wheelbarrow
22:55 Fletching
26:11 Castle Age
KommaHermann
9:08 Feudal Age
7:47 Loom
11:07 Double-Bit Axe
11:04 Horse Collar
12:43 Fletching
18:46 Wheelbarrow
19:34 Padded Archer Armor
24:19 Castle Age
22:24 Gold Mining
24:57 Bodkin Arrow
24:25 Elite Skirmisher
25:11 Thumb Ring
25:45 Leather Archer Armor
Connection lost

Rejoining the realm…

Still unreachable

The connection could not be restored.

Session expired

The server has moved on; the page needs a fresh start.